AoeStats
← matipalominos1

Arabia

507272082Analyzed
1v1 RM · 15d ago on Sep 17, 2026· 36m 10s· 2 players
Game mode
Random Map
Map size
Tiny (2 player)
Population
200
Speed
Normal
Resources
Standard
Victory
Conquest
Starting age
Dark Age
Ending age
Imperial Age
RankedLock teamsTeams togetherTeam positionsShared explorationLock speedFull tech treeHidden civsTurbo modeCheats
Victory
Defeat
🇨🇱 Teutons · Chile
561
+15
🇸🇰 Inca · Slovakia
547
-17
detkoeuba
10:25 Loom
12:59 Feudal Age
14:36 Wheelbarrow
14:06 Horse Collar
15:41 Double-Bit Axe
18:57 Arson
19:39 Gold Mining
19:27 Champi Runner
24:51 Castle Age
26:02 Forging
26:11 Hand Cart
26:06 Scale Mail Armor
25:32 Elite Skirmisher
29:49 Squires
32:31 Chain Mail Armor
32:52 Iron Casting
32:08 Fletching
32:18 Padded Archer Armor
32:51 Champi Warrior
matipalominos1
12:38 Feudal Age
15:37 Loom
19:04 Horse Collar
22:59 Castle Age
23:14 Forging
23:05 Scale Mail Armor
25:49 Iron Casting
25:30 Chain Mail Armor
27:08 Heavy Plow
31:38 Devotion
32:59 Wheelbarrow
33:39 Sanctity
Connection lost

Rejoining the realm…

Still unreachable

The connection could not be restored.

Session expired

The server has moved on; the page needs a fresh start.